Stars vs Capitals

Created - January 27, 2022 at 19:55

Goals
1 2 3 T
Stars 1 0 0 1
Capitals 1 1 1 3
Shots
1 2 3 T
Stars 18 6 9 33
Capitals 9 12 11 32

1st period

1. Capitals , T.J. Oshie 2 (Trevor Daley 3) at 8:57
2. Stars , Andrew Ladd 5 (Ian White 8, Evgeny Grachev 7) at 18:40

Penalties :
William Karlsson (Was) for Hooking (Minor) at 5:49

2nd period

3. Capitals , Mike Cammalleri 2 (Mark Stone 10, Jason Spezza 12) at 14:13 (PP)

Penalties :
Michael Grabner (Dal) for Tripping (Minor) at 11:39, Jussi Jokinen (Dal) for Tripping (Minor) at 14:07, Alexei Marchenko (Was) for Holding (Minor) at 14:55

3rd period

4. Capitals , Mark Stone 4 (Jason Spezza 13) at 9:19 (PP)

Penalties :
Patrick Sharp (Was) for Slashing (Minor) at 4:00, Jussi Jokinen (Dal) for High sticking (Minor) at 9:17, Brad Richardson (Was) for Tripping (Minor) at 11:33, Brad Richardson (Was) for Hooking (Minor) at 17:09

Goalie Stats

Matt Murray (Dal), 29 saves from 32 shots - (0.906), L, 8-8-2, 60:00 minutes
Jonathan Bernier (Was), 32 saves from 33 shots - (0.970), W, 3-2-1, 60:00 minutes

Players Stats for Stars

Player Name              G  A  P  +/- PIM S  H  SB GA TA FO     MP     PP MP  PK MP  
------------------------------------------------------------------------------------
Alex Chiasson            0  0  0   0  0   0  1  0  0  0  1/2    16:52   4:21   0:00 
Andrej Sustr             0  0  0   0  0   3  0  1  0  0  0/0    19:36   5:33   0:38 
Andrew Ladd              1  0  1   1  0   3  0  0  0  0  0/0    11:17   0:00   0:00 
Boris Valabik            0  0  0   0  0   2  1  1  0  0  0/0    19:36   5:33   0:38 
Cam Atkinson             0  0  0   1  0   0  0  0  0  1  1/1    11:12   0:00   0:00 
Cory Emmerton            0  0  0  -1  0   1  0  0  0  0  1/3     9:00   0:00   0:15 
Evgeny Grachev           0  1  1   0  0   1  2  0  2  1  4/11   16:41   4:21   0:00 
Evgeny Kuznetsov         0  0  0   1  0   1  0  0  0  0  3/7    11:06   0:00   0:00 
Guillaume Latendresse    0  0  0   0  0   3  0  1  0  0  1/3    23:13   5:34   1:52 
Ian White                0  1  1   0  0   2  1  3  0  2  0/0    26:37   4:09   1:29 
Jeremy Morin             0  0  0  -1  0   2  0  0  0  0  1/1     8:24   0:00   0:00 
John Tavares             0  0  0   0  0   6  3  1  2  0  18/34  23:13   5:34   1:52 
Jussi Jokinen            0  0  0   0  4   1  1  0  0  0  1/1    16:58   4:21   0:15 
Michael Grabner          0  0  0   0  2   5  1  0  0  0  0/0    21:24   5:34   0:00 
Paul Ladue               0  0  0   0  0   2  0  0  0  0  0/0    13:47   0:13   0:00 
Scott Kosmachuck         0  0  0  -1  0   1  1  0  0  0  0/0     8:30   0:00   0:00 
Tyler Wotherspoon        0  0  0   0  0   0  3  5  1  1  0/0    26:37   4:09   1:29 
Tyson Barrie             0  0  0   0  0   0  0  0  0  1  0/0    13:47   0:13   0:00 

Players Stats for Capitals

Player Name              G  A  P  +/- PIM S  H  SB GA TA FO     MP     PP MP  PK MP  
------------------------------------------------------------------------------------
Alexei Marchenko         0  0  0   0  2   0  1  2  0  1  0/0    22:24   0:55   4:36 
Blake Pietila            0  0  0   0  0   1  0  1  0  0  0/0    12:59   0:49   1:31 
Brad Richardson          0  0  0  -1  4   1  2  0  0  1  6/8    11:30   0:00   1:30 
Cameron Gaunce           0  0  0   0  0   1  1  2  0  0  0/0    22:02   0:55   4:18 
Dustin Brown             0  0  0  -1  0   0  1  0  0  0  0/1    13:14   0:00   2:31 
Jared Spurgeon           0  0  0   1  0   0  0  1  0  0  0/0    11:47   0:00   0:35 
Jason Spezza             0  2  2   0  0   4  3  2  0  1  16/31  22:38   1:18   4:54 
Mark Stone               1  1  2   0  0   3  1  0  0  0  0/1    11:51   1:18   0:00 
Mike Cammalleri          1  0  1   1  0   1  1  0  0  0  1/1    18:16   1:18   0:00 
Patrick Sharp            0  0  0   1  2   2  1  0  0  0  0/0    10:02   0:00   0:00 
PK Subban                0  0  0  -1  0   2  3  1  1  1  0/0    27:27   1:12   6:15 
Samuel Morin             0  0  0  -1  0   1  0  2  1  0  0/1    15:23   0:00   5:53 
Sean Monahan             0  0  0   0  0   2  0  0  2  0  4/10   15:52   0:49   3:20 
Steve Bernier            0  0  0   0  0   5  1  0  0  1  0/1    16:48   0:00   0:00 
T.J. Oshie               1  0  1   1  0   5  0  0  1  0  0/0    10:36   0:49   0:00 
Trevor Daley             0  1  1   1  0   1  1  2  0  0  0/0    11:26   0:00   0:00 
Victor Hedman            0  0  0  -1  0   2  1  2  1  0  0/0    24:58   1:12   4:06 
William Karlsson         0  0  0   0  2   1  2  0  0  0  5/9    10:47   0:00   0:11 

3 Stars

1 - Jonathan Bernier (Was)
2 - Mark Stone (Was)
3 - Jason Spezza (Was)

Power Play

Stars - 0 on 5 Attempt(s) - 0.00%
Capitals - 2 on 3 Attempt(s) - 66.67%

Penalty Kill

Stars - 1 on 3 Attempt(s) - 33.33% - Score 0 goal in Penalty Kill
Capitals - 5 on 5 Attempt(s) - 100.00% - Score 0 goal in Penalty Kill

Team Stat

Stars - Hits : 14 - Faceoff Wins : 31 - Blocked Shots : 12 - Penalty Minutes : 6
Capitals - Hits : 19 - Faceoff Wins : 32 - Blocked Shots : 15 - Penalty Minutes : 10

Official

Referees : Corey Syvret and Graham Skilliter
Linesman : Jesse Marquis and Brad Kovachik

Game Notes

No Game Note

Finance

Level 1 -- Attendance: 5471 (91.18%) -- Ticket Income $547,100
Level 2 -- Attendance: 4649 (92.98%) -- Ticket Income $278,940
Level 3 -- Attendance: 1987 (99.35%) -- Ticket Income $69,545
Level 4 -- Attendance: 3721 (93.03%) -- Ticket Income $93,025
Luxury Box -- Attendance: 880 (88.00%) -- Ticket Income $176,000
Game was played at the Capital One Arena.
Total Attendance: 16708 (92.82%)
Total Ticket Income: $1,164,610
Other Income: $174,692
Total Income: $1,339,302

Stars

5 vs 5 Forward 
   Center                   Left Wing                Right Wing               Time % Phy DF OF 
 1 John Tavares             Guillaume Latendresse    Michael Grabner          40     1   2  2  
 2 Evgeny Grachev           Jussi Jokinen            Alex Chiasson            30     1   2  2  
 3 Evgeny Kuznetsov         Andrew Ladd              Cam Atkinson             20     1   2  2  
 4 Cory Emmerton            Jeremy Morin             Scott Kosmachuck         10     1   2  2  

5 vs 5 Defense 
   Defense                  Defense                                           Time % Phy DF OF 
 1 Ian White                Tyler Wotherspoon                                 40     1   2  2  
 2 Boris Valabik            Andrej Sustr                                      30     1   2  2  
 3 Tyson Barrie             Paul Ladue                                        20     1   2  2  
 4 Ian White                Tyler Wotherspoon                                 10     1   2  2  

PowerPlay Forward 
   Center                   Left Wing                Right Wing               Time % Phy DF OF 
 1 John Tavares             Guillaume Latendresse    Michael Grabner          60     0   2  3  
 2 Evgeny Grachev           Jussi Jokinen            Alex Chiasson            40     0   2  3  

PowerPlay Defense
   Defense                  Defense                                           Time % Phy DF OF 
 1 Ian White                Tyler Wotherspoon                                 60     0   2  3  
 2 Boris Valabik            Andrej Sustr                                      40     0   2  3  

Penalty Kill 4 Players Forward 
   Center                   Wing                     Time % Phy DF OF 
 1 John Tavares             Guillaume Latendresse    60     0   3  2  
 2 Michael Grabner          Jussi Jokinen            40     0   3  2  

Penalty Kill 4 Players Defense
   Defense                  Defense                  Time % Phy DF OF 
 1 Ian White                Tyler Wotherspoon        60     0   3  2  
 2 Boris Valabik            Andrej Sustr             40     0   3  2  

Penalty Kill - 3 Players Forward 
   Forward                                           Time % Phy DF OF 
 1 John Tavares                                      60     0   3  2  
 2 Guillaume Latendresse                             40     0   3  2  

Penalty Kill - 3 Players Defense
   Defense                  Defense                  Time % Phy DF OF 
 1 Ian White                Tyler Wotherspoon        60     0   3  2  
 2 Boris Valabik            Andrej Sustr             40     0   3  2  

4 vs 4 Forward 
   Center                   Wing                     Time % Phy DF OF 
 1 John Tavares             Guillaume Latendresse    60     0   2  3  
 2 Michael Grabner          Jussi Jokinen            40     0   2  3  

4 vs 4 Defense
   Defense                  Defense                  Time % Phy DF OF 
 1 Ian White                Tyler Wotherspoon        60     1   2  2  
 2 Boris Valabik            Andrej Sustr             40     1   2  2  

Last Minutes Offensive
   Center                   Left Wing                Right Wing               Defense                  Defense                  
   John Tavares             Guillaume Latendresse    Michael Grabner          Ian White                Tyler Wotherspoon        

Last Minutes Defensive
   Center                   Left Wing                Right Wing               Defense                  Defense                  
   John Tavares             Guillaume Latendresse    Michael Grabner          Ian White                Tyler Wotherspoon        

Goaltenders
Starting : Matt Murray              
Backup : Braden Holtby            

Extra Forwards
Normal : Andrew Ladd, Cam Atkinson, Cory Emmerton - PP : Andrew Ladd, Cam Atkinson - PK : Cory Emmerton
Extra Defensemen
Normal : Tyson Barrie, Paul Ladue, Boris Valabik - PP : Tyson Barrie - PK : Paul Ladue, Boris Valabik
Penalty Shots
John Tavares, Guillaume Latendresse, Michael Grabner, Jussi Jokinen, Alex Chiasson

Scratches
Brian Lee (Healthy), Tyler Brenner (Healthy)

Capitals

5 vs 5 Forward 
   Center                   Left Wing                Right Wing               Time % Phy DF OF 
 1 Jason Spezza             Mike Cammalleri          Steve Bernier            35     0   1  4  
 2 Sean Monahan             Blake Pietila            Mark Stone               25     0   2  3  
 3 William Karlsson         Patrick Sharp            T.J. Oshie               20     0   2  3  
 4 Brad Richardson          Samuel Morin             Dustin Brown             20     0   3  2  

5 vs 5 Defense 
   Defense                  Defense                                           Time % Phy DF OF 
 1 Victor Hedman            PK Subban                                         40     0   2  3  
 2 Alexei Marchenko         Cameron Gaunce                                    30     0   2  3  
 3 Trevor Daley             Jared Spurgeon                                    20     0   3  2  
 4 Victor Hedman            PK Subban                                         10     0   1  4  

PowerPlay Forward 
   Center                   Left Wing                Right Wing               Time % Phy DF OF 
 1 Jason Spezza             Mike Cammalleri          Mark Stone               60     0   1  4  
 2 Sean Monahan             Blake Pietila            T.J. Oshie               40     0   1  4  

PowerPlay Defense
   Defense                  Defense                                           Time % Phy DF OF 
 1 PK Subban                Victor Hedman                                     60     0   2  3  
 2 Cameron Gaunce           Alexei Marchenko                                  40     0   2  3  

Penalty Kill 4 Players Forward 
   Center                   Wing                     Time % Phy DF OF 
 1 Jason Spezza             Samuel Morin             60     0   4  1  
 2 Sean Monahan             Dustin Brown             40     0   4  1  

Penalty Kill 4 Players Defense
   Defense                  Defense                  Time % Phy DF OF 
 1 PK Subban                Alexei Marchenko         60     0   4  1  
 2 Victor Hedman            Cameron Gaunce           40     0   4  1  

Penalty Kill - 3 Players Forward 
   Forward                                           Time % Phy DF OF 
 1 Jason Spezza                                      60     0   5  0  
 2 Sean Monahan                                      40     0   5  0  

Penalty Kill - 3 Players Defense
   Defense                  Defense                  Time % Phy DF OF 
 1 PK Subban                Cameron Gaunce           60     0   5  0  
 2 Victor Hedman            Alexei Marchenko         40     0   5  0  

4 vs 4 Forward 
   Center                   Wing                     Time % Phy DF OF 
 1 Jason Spezza             Mike Cammalleri          60     0   2  3  
 2 Sean Monahan             Mark Stone               40     0   2  3  

4 vs 4 Defense
   Defense                  Defense                  Time % Phy DF OF 
 1 PK Subban                Victor Hedman            60     0   2  3  
 2 Cameron Gaunce           Alexei Marchenko         40     0   2  3  

Last Minutes Offensive
   Center                   Left Wing                Right Wing               Defense                  Defense                  
   Jason Spezza             Mike Cammalleri          Mark Stone               PK Subban                Victor Hedman            

Last Minutes Defensive
   Center                   Left Wing                Right Wing               Defense                  Defense                  
   Jason Spezza             Samuel Morin             Dustin Brown             PK Subban                Victor Hedman            

Goaltenders
Starting : Jonathan Bernier         
Backup : Chet Pickard             

Extra Forwards
Normal : Jason Spezza, Mike Cammalleri, Sean Monahan - PP : Jason Spezza, Mike Cammalleri - PK : Jason Spezza
Extra Defensemen
Normal : PK Subban, Victor Hedman, Alexei Marchenko - PP : PK Subban - PK : Victor Hedman, PK Subban
Penalty Shots
Jason Spezza, Mike Cammalleri, Mark Stone, Patrick Sharp, Victor Hedman

Scratches
Antoine Vermette (Healthy), Kevin Connauton (Healthy), Robert Hagg (Healthy), Roman Josi (Healthy)

% Time on Ice - Stars

Lines # - Real PCT - Wanted PCT - Time Play
Normal Forward
1 - 33% - 40% - 16:04
2 - 26% - 30% - 12:24
3 - 23% - 20% - 11:06
4 - 18% - 10% - 8:24
Normal Defense
1 - 39% - 40% - 18:31
2 - 28% - 30% - 13:25
3 - 27% - 20% - 13:10
4 - 6% - 10% - 2:52
PP Forward
1 - 56% - 60% - 5:34
2 - 44% - 40% - 4:21
PP Defense
1 - 44% - 60% - 4:22
2 - 56% - 40% - 5:33
PK Forward
1 - 88% - 60% - 1:52
2 - 12% - 40% - 0:15
PK Defense
1 - 70% - 60% - 1:29
2 - 30% - 40% - 0:38
PK3 Forward
1 - 0% - 60%
2 - 0% - 40%
PK3 Defense
1 - 0% - 60%
2 - 0% - 40%
44 Forward
1 - 0% - 60%
2 - 0% - 40%
44 Defense
1 - 0% - 60%
2 - 0% - 40%
Last Minute Offensive  - 0:00
Last Minute Defensive  - 0:00
Total
Forward - 60:00
Defense - 60:00

% Time on Ice - Capitals

Lines # - Real PCT - Wanted PCT - Time Play
Normal Forward
1 - 36% - 35% - 17:02
2 - 24% - 25% - 11:39
3 - 20% - 20% - 9:47
4 - 20% - 20% - 9:30
Normal Defense
1 - 38% - 40% - 18:22
2 - 34% - 30% - 16:27
3 - 24% - 20% - 11:26
4 - 4% - 10% - 1:43
PP Forward
1 - 61% - 60% - 1:18
2 - 39% - 40% - 0:49
PP Defense
1 - 57% - 60% - 1:12
2 - 43% - 40% - 0:55
PK Forward
1 - 75% - 60% - 7:24
2 - 25% - 40% - 2:31
PK Defense
1 - 67% - 60% - 6:37
2 - 33% - 40% - 3:18
PK3 Forward
1 - 0% - 60%
2 - 0% - 40%
PK3 Defense
1 - 0% - 60%
2 - 0% - 40%
44 Forward
1 - 0% - 60%
2 - 0% - 40%
44 Defense
1 - 0% - 60%
2 - 0% - 40%
Last Minute Offensive  - 0:00
Last Minute Defensive  - 0:00
Total
Forward - 60:00
Defense - 60:00

Play-by-Play

1st period


0:01 of 1st period - John Tavares wins face-off versus Jason Spezza in neutral zone.
0:26 of 1st period - Evgeny Grachev is hit by PK Subban and loses puck.
0:34 of 1st period - Off-side.
0:35 of 1st period - William Karlsson wins face-off versus Evgeny Kuznetsov in neutral zone.
1:04 of 1st period - Snap shot by Cory Emmerton.
1:04 of 1st period - Shot Misses the Net.
1:20 of 1st period - Wrist shot by Jason Spezza.
1:20 of 1st period - Stopped by Matt Murray with a rebound.
2:25 of 1st period - Off-side.
2:26 of 1st period - Jeremy Morin wins face-off versus Jason Spezza in neutral zone.
3:33 of 1st period - Cory Emmerton is hit by PK Subban.
3:37 of 1st period - Snap shot by Steve Bernier.
3:37 of 1st period - Stopped by Matt Murray with a rebound.
3:39 of 1st period - Slapshot by Alexei Marchenko.
3:39 of 1st period - Shot Misses the Net.
3:45 of 1st period - Wrist shot by Mike Cammalleri.
3:45 of 1st period - Shot Misses the Net.
4:09 of 1st period - Steve Bernier is hit by Tyler Wotherspoon and loses puck.
4:24 of 1st period - Snap shot by Cory Emmerton.
4:24 of 1st period - Stopped by Jonathan Bernier with a rebound.
4:26 of 1st period - Slapshot by Ian White.
4:26 of 1st period - Stopped by Jonathan Bernier with a rebound.
4:28 of 1st period - Wrist shot by Scott Kosmachuck.
4:28 of 1st period - Shot Misses the Net.
4:30 of 1st period - Slapshot by Cory Emmerton.
4:30 of 1st period - Shot Blocked by Jason Spezza.
4:40 of 1st period - Snap shot by Scott Kosmachuck.
4:40 of 1st period - Stopped by Jonathan Bernier without a rebound.
4:41 of 1st period - Brad Richardson wins face-off versus John Tavares in Capitals zone.
4:58 of 1st period - Wrist shot by John Tavares.
4:58 of 1st period - Stopped by Jonathan Bernier with a rebound.
5:49 of 1st period - Minor Penalty to William Karlsson for Hooking.
5:50 of 1st period - John Tavares wins face-off versus Brad Richardson in Capitals zone.
7:08 of 1st period - Snap shot by Michael Grabner.
7:08 of 1st period - Shot Misses the Net.
7:10 of 1st period - Snap shot by Michael Grabner.
7:10 of 1st period - Shot Misses the Net.
7:12 of 1st period - Snap shot by Michael Grabner.
7:12 of 1st period - Stopped by Jonathan Bernier with a rebound.
7:14 of 1st period - Slapshot by John Tavares.
7:14 of 1st period - Shot Blocked by Victor Hedman.
7:16 of 1st period - Backhand shot by Andrej Sustr.
7:16 of 1st period - Stopped by Jonathan Bernier with a rebound.
7:18 of 1st period - Snap shot by John Tavares.
7:18 of 1st period - Stopped by Jonathan Bernier without a rebound.
7:19 of 1st period - Evgeny Grachev wins face-off versus Samuel Morin in Capitals zone.
7:32 of 1st period - Wrist shot by Jussi Jokinen.
7:32 of 1st period - Shot Misses the Net.
7:34 of 1st period - Slapshot by Evgeny Grachev.
7:34 of 1st period - Shot Misses the Net.
7:49 of 1st period - Penalty to William Karlsson is over, William Karlsson is back on ice.
8:23 of 1st period - Slapshot by Cory Emmerton.
8:23 of 1st period - Shot Misses the Net.
8:57 of 1st period - Slapshot by T.J. Oshie.
8:57 of 1st period - Goal by T.J. Oshie - Stars : 0 - Capitals : 1.
8:58 of 1st period - Jason Spezza wins face-off versus Evgeny Grachev in neutral zone.
9:03 of 1st period - Slapshot by Victor Hedman.
9:03 of 1st period - Shot Misses the Net.
10:18 of 1st period - Wrist shot by Blake Pietila.
10:18 of 1st period - Stopped by Matt Murray without a rebound.
10:19 of 1st period - John Tavares wins face-off versus Brad Richardson in Stars zone.
10:26 of 1st period - Wrist shot by Michael Grabner.
10:26 of 1st period - Shot Blocked by Alexei Marchenko.
10:28 of 1st period - Wrist shot by Michael Grabner.
10:28 of 1st period - Shot Misses the Net.
10:30 of 1st period - Wrist shot by Tyson Barrie.
10:30 of 1st period - Shot Misses the Net.
10:46 of 1st period - Evgeny Grachev is hit by Cameron Gaunce and loses puck.
10:51 of 1st period - Snap shot by T.J. Oshie.
10:51 of 1st period - Deflect By Patrick Sharp.
10:51 of 1st period - Stopped by Matt Murray without a rebound.
10:52 of 1st period - William Karlsson wins face-off versus Evgeny Grachev in Stars zone.
10:55 of 1st period - Wrist shot by William Karlsson.
10:55 of 1st period - Shot Blocked by Andrej Sustr.
11:01 of 1st period - Snap shot by T.J. Oshie.
11:01 of 1st period - Stopped by Matt Murray with a rebound.
11:14 of 1st period - Icing by Alex Chiasson.
11:15 of 1st period - Brad Richardson wins face-off versus John Tavares in Stars zone.
11:42 of 1st period - Evgeny Grachev is hit by Mark Stone and loses puck.
11:49 of 1st period - Backhand shot by Ian White.
11:49 of 1st period - Deflect By Jussi Jokinen.
11:49 of 1st period - Stopped by Jonathan Bernier without a rebound.
11:50 of 1st period - John Tavares wins face-off versus Jason Spezza in Capitals zone.
11:51 of 1st period - Snap shot by Michael Grabner.
11:51 of 1st period - Shot Blocked by Alexei Marchenko.
11:53 of 1st period - Snap shot by Michael Grabner.
11:53 of 1st period - Stopped by Jonathan Bernier without a rebound.
11:54 of 1st period - John Tavares wins face-off versus Jason Spezza in Capitals zone.
12:01 of 1st period - Guillaume Latendresse is hit by Jason Spezza and loses puck.
12:44 of 1st period - Wrist shot by Mark Stone.
12:44 of 1st period - Stopped by Matt Murray without a rebound.
12:45 of 1st period - Evgeny Kuznetsov wins face-off versus William Karlsson in Stars zone.
12:58 of 1st period - Snap shot by T.J. Oshie.
12:58 of 1st period - Shot Misses the Net.
13:20 of 1st period - Snap shot by Brad Richardson.
13:20 of 1st period - Stopped by Matt Murray with a rebound.
13:34 of 1st period - Andrej Sustr is hit by Jason Spezza and loses puck.
13:42 of 1st period - Off-side.
13:43 of 1st period - Sean Monahan wins face-off versus Evgeny Kuznetsov in neutral zone.
13:50 of 1st period - Andrej Sustr is hit by PK Subban and loses puck.
14:11 of 1st period - Jason Spezza is hit by John Tavares and loses puck.
14:40 of 1st period - Wrist shot by William Karlsson.
14:40 of 1st period - Shot Blocked by Ian White.
14:42 of 1st period - Slapshot by Victor Hedman.
14:42 of 1st period - Deflect By T.J. Oshie.
14:42 of 1st period - Shot Misses the Net.
14:42 of 1st period - Puck is out of play.
14:43 of 1st period - John Tavares wins face-off versus Dustin Brown in Stars zone.
15:03 of 1st period - Michael Grabner is hit by Brad Richardson and loses puck.
15:14 of 1st period - Alexei Marchenko is hit by Jussi Jokinen and loses puck.
15:54 of 1st period - Snap shot by Steve Bernier.
15:54 of 1st period - Stopped by Matt Murray with a rebound.
16:26 of 1st period - Icing by Boris Valabik.
16:27 of 1st period - Evgeny Kuznetsov wins face-off versus Mark Stone in Stars zone.
16:53 of 1st period - Off-side.
16:54 of 1st period - John Tavares wins face-off versus William Karlsson in neutral zone.
17:16 of 1st period - Slapshot by John Tavares.
17:16 of 1st period - Stopped by Jonathan Bernier with a rebound.
17:18 of 1st period - Slapshot by Guillaume Latendresse.
17:18 of 1st period - Stopped by Jonathan Bernier with a rebound.
17:30 of 1st period - Wrist shot by John Tavares.
17:30 of 1st period - Stopped by Jonathan Bernier with a rebound.
17:58 of 1st period - Snap shot by Michael Grabner.
17:58 of 1st period - Stopped by Jonathan Bernier with a rebound.
18:00 of 1st period - Slapshot by Boris Valabik.
18:00 of 1st period - Shot Blocked by Trevor Daley.
18:02 of 1st period - Snap shot by Guillaume Latendresse.
18:02 of 1st period - Stopped by Jonathan Bernier with a rebound.
18:04 of 1st period - Slapshot by Boris Valabik.
18:04 of 1st period - Stopped by Jonathan Bernier without a rebound.
18:05 of 1st period - Evgeny Grachev wins face-off versus Sean Monahan in Capitals zone.
18:20 of 1st period - Snap shot by Evgeny Grachev.
18:20 of 1st period - Shot Misses the Net.
18:40 of 1st period - Backhand shot by Ian White.
18:40 of 1st period - Deflect By Andrew Ladd.
18:40 of 1st period - Goal by Andrew Ladd - Stars : 1 - Capitals : 1.
18:41 of 1st period - Brad Richardson wins face-off versus Evgeny Grachev in neutral zone.
18:44 of 1st period - Slapshot by Victor Hedman.
18:44 of 1st period - Shot Blocked by Tyler Wotherspoon.
19:34 of 1st period - Blake Pietila is hit by Boris Valabik and loses puck.
19:51 of 1st period - Wrist shot by Cory Emmerton.
19:51 of 1st period - Shot Misses the Net.
19:53 of 1st period - Slapshot by Jeremy Morin.
19:53 of 1st period - Stopped by Jonathan Bernier with a rebound.
19:55 of 1st period - Snap shot by Jeremy Morin.
19:55 of 1st period - Stopped by Jonathan Bernier without a rebound.
19:56 of 1st period - Brad Richardson wins face-off versus Cory Emmerton in Capitals zone.
19:56 of 1st period - Brad Richardson is hit by Tyler Wotherspoon.
Goals for this period are 1 for Stars vs 1 for Capitals.
Shots for this period are 18 for Stars vs 9 for Capitals.

2nd period


0:01 of 2nd period - John Tavares wins face-off versus Jason Spezza in neutral zone.
0:26 of 2nd period - Dustin Brown is hit by Tyler Wotherspoon and loses puck.
0:37 of 2nd period - Dustin Brown is hit by Evgeny Grachev and loses puck.
0:41 of 2nd period - Icing by Alexei Marchenko.
0:42 of 2nd period - Brad Richardson wins face-off versus John Tavares in Capitals zone.
1:08 of 2nd period - Wrist shot by Jason Spezza.
1:08 of 2nd period - Shot Blocked by Boris Valabik.
1:10 of 2nd period - Wrist shot by Jason Spezza.
1:10 of 2nd period - Stopped by Matt Murray without a rebound.
1:11 of 2nd period - Evgeny Grachev wins face-off versus Jason Spezza in Stars zone.
1:18 of 2nd period - Snap shot by Evgeny Grachev.
1:18 of 2nd period - Shot Misses the Net.
2:10 of 2nd period - Snap shot by Alex Chiasson.
2:10 of 2nd period - Shot Blocked by Victor Hedman.
2:12 of 2nd period - Slapshot by Andrej Sustr.
2:12 of 2nd period - Stopped by Jonathan Bernier with a rebound.
2:14 of 2nd period - Slapshot by Andrej Sustr.
2:14 of 2nd period - Deflect By PK Subban.
2:14 of 2nd period - Stopped by Jonathan Bernier without a rebound.
2:15 of 2nd period - Mike Cammalleri wins face-off versus John Tavares in Capitals zone.
3:01 of 2nd period - Slapshot by William Karlsson.
3:01 of 2nd period - Shot Misses the Net.
3:09 of 2nd period - Samuel Morin is hit by Scott Kosmachuck and loses puck.
3:53 of 2nd period - Jeremy Morin is hit by Alexei Marchenko.
4:43 of 2nd period - Slapshot by Evgeny Grachev.
4:43 of 2nd period - Shot Misses the Net.
4:45 of 2nd period - Wrist shot by Cam Atkinson.
4:45 of 2nd period - Shot Blocked by Cameron Gaunce.
4:47 of 2nd period - Slapshot by Ian White.
4:47 of 2nd period - Stopped by Jonathan Bernier with a rebound.
4:49 of 2nd period - Slapshot by Tyler Wotherspoon.
4:49 of 2nd period - Shot Misses the Net.
4:51 of 2nd period - Slapshot by Andrew Ladd.
4:51 of 2nd period - Stopped by Jonathan Bernier with a rebound.
4:53 of 2nd period - Wrist shot by Evgeny Kuznetsov.
4:53 of 2nd period - Shot Misses the Net.
4:55 of 2nd period - Slapshot by Andrew Ladd.
4:55 of 2nd period - Shot Misses the Net.
5:15 of 2nd period - Snap shot by Jeremy Morin.
5:15 of 2nd period - Deflect By Cory Emmerton.
5:15 of 2nd period - Shot Blocked by Cameron Gaunce.
5:15 of 2nd period - Puck is out of play.
5:16 of 2nd period - William Karlsson wins face-off versus John Tavares in Capitals zone.
7:31 of 2nd period - Slapshot by Andrew Ladd.
7:31 of 2nd period - Shot Misses the Net.
7:51 of 2nd period - Snap shot by Jason Spezza.
7:51 of 2nd period - Stopped by Matt Murray with a rebound.
7:53 of 2nd period - Slapshot by Steve Bernier.
7:53 of 2nd period - Stopped by Matt Murray with a rebound.
7:55 of 2nd period - Snap shot by Steve Bernier.
7:55 of 2nd period - Shot Misses the Net.
8:07 of 2nd period - Tyson Barrie is hit by Patrick Sharp and loses puck.
8:14 of 2nd period - Snap shot by T.J. Oshie.
8:14 of 2nd period - Stopped by Matt Murray without a rebound.
8:15 of 2nd period - John Tavares wins face-off versus Sean Monahan in Stars zone.
9:39 of 2nd period - Snap shot by T.J. Oshie.
9:39 of 2nd period - Stopped by Matt Murray without a rebound.
9:40 of 2nd period - John Tavares wins face-off versus Jason Spezza in Stars zone.
9:51 of 2nd period - Paul Ladue is hit by Trevor Daley and loses puck.
10:32 of 2nd period - Slapshot by Brad Richardson.
10:32 of 2nd period - Deflect By Dustin Brown.
10:32 of 2nd period - Shot Misses the Net.
10:32 of 2nd period - Puck is out of play.
10:33 of 2nd period - Brad Richardson wins face-off versus Evgeny Kuznetsov in Stars zone.
10:44 of 2nd period - Wrist shot by Cam Atkinson.
10:44 of 2nd period - Shot Blocked by Samuel Morin.
11:33 of 2nd period - Wrist shot by Patrick Sharp.
11:33 of 2nd period - Shot Misses the Net.
11:39 of 2nd period - Minor Penalty to Michael Grabner for Tripping.
11:40 of 2nd period - John Tavares wins face-off versus Jason Spezza in Stars zone.
11:55 of 2nd period - Snap shot by Mark Stone.
11:55 of 2nd period - Stopped by Matt Murray without a rebound.
11:56 of 2nd period - John Tavares wins face-off versus Jason Spezza in Stars zone.
12:05 of 2nd period - Slapshot by PK Subban.
12:05 of 2nd period - Shot Blocked by Tyler Wotherspoon.
12:33 of 2nd period - Slapshot by Victor Hedman.
12:33 of 2nd period - Stopped by Matt Murray without a rebound.
12:34 of 2nd period - Jason Spezza wins face-off versus Cory Emmerton in Stars zone.
12:35 of 2nd period - Slapshot by Mark Stone.
12:35 of 2nd period - Shot Misses the Net.
12:37 of 2nd period - Wrist shot by Jason Spezza.
12:37 of 2nd period - Deflect By Mark Stone.
12:37 of 2nd period - Shot Misses the Net.
12:37 of 2nd period - Puck is out of play.
12:38 of 2nd period - Cory Emmerton wins face-off versus Jason Spezza in Stars zone.
12:51 of 2nd period - Slapshot by Cameron Gaunce.
12:51 of 2nd period - Shot Blocked by Ian White.
12:53 of 2nd period - Wrist shot by Cameron Gaunce.
12:53 of 2nd period - Shot Blocked by Tyler Wotherspoon.
13:09 of 2nd period - Snap shot by Alexei Marchenko.
13:09 of 2nd period - Shot Misses the Net.
13:11 of 2nd period - Slapshot by Cameron Gaunce.
13:11 of 2nd period - Stopped by Matt Murray without a rebound.
13:12 of 2nd period - John Tavares wins face-off versus Sean Monahan in Stars zone.
13:39 of 2nd period - Penalty to Michael Grabner is over, Michael Grabner is back on ice.
13:42 of 2nd period - Off-side.
13:43 of 2nd period - Jason Spezza wins face-off versus Evgeny Grachev in neutral zone.
13:45 of 2nd period - Off-side.
13:46 of 2nd period - Alex Chiasson wins face-off versus Steve Bernier in neutral zone.
14:07 of 2nd period - Minor Penalty to Jussi Jokinen for Tripping.
14:08 of 2nd period - Jason Spezza wins face-off versus Guillaume Latendresse in Stars zone.
14:09 of 2nd period - Snap shot by Victor Hedman.
14:09 of 2nd period - Deflect By Mike Cammalleri.
14:09 of 2nd period - Shot Blocked by John Tavares.
14:09 of 2nd period - Puck is out of play.
14:10 of 2nd period - Jason Spezza wins face-off versus John Tavares in Stars zone.
14:11 of 2nd period - Snap shot by Mark Stone.
14:11 of 2nd period - Shot Misses the Net.
14:13 of 2nd period - Snap shot by Mike Cammalleri.
14:13 of 2nd period - Goal by Mike Cammalleri - Stars : 1 - Capitals : 2.
14:14 of 2nd period - Jason Spezza wins face-off versus John Tavares in neutral zone.
14:23 of 2nd period - Wrist shot by Jason Spezza.
14:23 of 2nd period - Shot Blocked by Guillaume Latendresse.
14:52 of 2nd period - Snap shot by Michael Grabner.
14:52 of 2nd period - Stopped by Jonathan Bernier without a rebound.
14:53 of 2nd period - Sean Monahan wins face-off versus Evgeny Grachev in Capitals zone.
14:55 of 2nd period - Minor Penalty to Alexei Marchenko for Holding.
14:56 of 2nd period - John Tavares wins face-off versus Jason Spezza in Capitals zone.
14:56 of 2nd period - Wrist shot by Guillaume Latendresse.
14:56 of 2nd period - Stopped by Jonathan Bernier with a rebound.
15:08 of 2nd period - Snap shot by Guillaume Latendresse.
15:08 of 2nd period - Shot Misses the Net.
16:50 of 2nd period - John Tavares is hit by Victor Hedman and loses puck.
16:55 of 2nd period - Penalty to Alexei Marchenko is over, Alexei Marchenko is back on ice.
18:14 of 2nd period - Alexei Marchenko is hit by Ian White and loses puck.
18:39 of 2nd period - Scott Kosmachuck is hit by Brad Richardson and loses puck.
18:46 of 2nd period - Slapshot by Samuel Morin.
18:46 of 2nd period - Stopped by Matt Murray without a rebound.
18:47 of 2nd period - John Tavares wins face-off versus William Karlsson in Stars zone.
18:58 of 2nd period - Slapshot by Trevor Daley.
18:58 of 2nd period - Stopped by Matt Murray with a rebound.
19:00 of 2nd period - Snap shot by T.J. Oshie.
19:00 of 2nd period - Shot Misses the Net.
19:02 of 2nd period - Slapshot by William Karlsson.
19:02 of 2nd period - Stopped by Matt Murray without a rebound.
19:03 of 2nd period - Jason Spezza wins face-off versus Alex Chiasson in Stars zone.
Goals for this period are 0 for Stars vs 1 for Capitals.
Shots for this period are 6 for Stars vs 12 for Capitals.

3rd period


0:01 of 3rd period - John Tavares wins face-off versus Jason Spezza in neutral zone.
0:36 of 3rd period - Slapshot by PK Subban.
0:36 of 3rd period - Stopped by Matt Murray without a rebound.
0:37 of 3rd period - John Tavares wins face-off versus Sean Monahan in Stars zone.
1:10 of 3rd period - Dustin Brown is hit by Evgeny Grachev.
1:59 of 3rd period - Off-side.
2:00 of 3rd period - Sean Monahan wins face-off versus John Tavares in neutral zone.
2:07 of 3rd period - Slapshot by Victor Hedman.
2:07 of 3rd period - Shot Misses the Net.
2:09 of 3rd period - Snap shot by PK Subban.
2:09 of 3rd period - Stopped by Matt Murray without a rebound.
2:10 of 3rd period - Sean Monahan wins face-off versus John Tavares in Stars zone.
2:15 of 3rd period - Snap shot by Sean Monahan.
2:15 of 3rd period - Stopped by Matt Murray without a rebound.
2:16 of 3rd period - Jason Spezza wins face-off versus John Tavares in Stars zone.
2:17 of 3rd period - Wrist shot by Steve Bernier.
2:17 of 3rd period - Stopped by Matt Murray with a rebound.
2:47 of 3rd period - Icing by Tyler Wotherspoon.
2:48 of 3rd period - John Tavares wins face-off versus Sean Monahan in Stars zone.
3:04 of 3rd period - Slapshot by Sean Monahan.
3:04 of 3rd period - Shot Blocked by Tyler Wotherspoon.
3:37 of 3rd period - John Tavares is hit by Steve Bernier and loses puck.
3:53 of 3rd period - Snap shot by John Tavares.
3:53 of 3rd period - Shot Blocked by Jason Spezza.
3:57 of 3rd period - Snap shot by Michael Grabner.
3:57 of 3rd period - Stopped by Jonathan Bernier without a rebound.
3:58 of 3rd period - William Karlsson wins face-off versus Evgeny Grachev in Capitals zone.
4:00 of 3rd period - Minor Penalty to Patrick Sharp for Slashing.
4:01 of 3rd period - Evgeny Grachev wins face-off versus Jason Spezza in Capitals zone.
4:18 of 3rd period - Icing by Jussi Jokinen.
4:19 of 3rd period - Jason Spezza wins face-off versus Evgeny Grachev in Stars zone.
4:32 of 3rd period - Backhand shot by Alex Chiasson.
4:32 of 3rd period - Shot Misses the Net.
4:34 of 3rd period - Snap shot by Jussi Jokinen.
4:34 of 3rd period - Shot Blocked by Samuel Morin.
4:36 of 3rd period - Slapshot by Evgeny Grachev.
4:36 of 3rd period - Stopped by Jonathan Bernier without a rebound.
4:37 of 3rd period - Jason Spezza wins face-off versus Guillaume Latendresse in Capitals zone.
4:37 of 3rd period - Jason Spezza is hit by Michael Grabner.
6:00 of 3rd period - Penalty to Patrick Sharp is over, Patrick Sharp is back on ice.
6:15 of 3rd period - Wrist shot by Patrick Sharp.
6:15 of 3rd period - Stopped by Matt Murray without a rebound.
6:16 of 3rd period - William Karlsson wins face-off versus Evgeny Kuznetsov in Stars zone.
6:17 of 3rd period - Wrist shot by T.J. Oshie.
6:17 of 3rd period - Stopped by Matt Murray without a rebound.
6:18 of 3rd period - Evgeny Kuznetsov wins face-off versus William Karlsson in Stars zone.
7:00 of 3rd period - Wrist shot by Andrew Ladd.
7:00 of 3rd period - Shot Blocked by PK Subban.
7:02 of 3rd period - Slapshot by Paul Ladue.
7:02 of 3rd period - Shot Misses the Net.
7:04 of 3rd period - Snap shot by Andrew Ladd.
7:04 of 3rd period - Stopped by Jonathan Bernier with a rebound.
7:06 of 3rd period - Slapshot by Tyson Barrie.
7:06 of 3rd period - Shot Misses the Net.
7:24 of 3rd period - Wrist shot by Cam Atkinson.
7:24 of 3rd period - Shot Blocked by Blake Pietila.
7:26 of 3rd period - Wrist shot by Andrew Ladd.
7:26 of 3rd period - Shot Misses the Net.
7:28 of 3rd period - Snap shot by Paul Ladue.
7:28 of 3rd period - Deflect By Evgeny Kuznetsov.
7:28 of 3rd period - Stopped by Jonathan Bernier without a rebound.
7:29 of 3rd period - Jason Spezza wins face-off versus John Tavares in Capitals zone.
7:34 of 3rd period - Wrist shot by John Tavares.
7:34 of 3rd period - Stopped by Jonathan Bernier without a rebound.
7:35 of 3rd period - Jason Spezza wins face-off versus John Tavares in Capitals zone.
7:46 of 3rd period - Slapshot by Jason Spezza.
7:46 of 3rd period - Shot Blocked by Tyler Wotherspoon.
7:48 of 3rd period - Wrist shot by Steve Bernier.
7:48 of 3rd period - Stopped by Matt Murray with a rebound.
7:50 of 3rd period - Slapshot by Jason Spezza.
7:50 of 3rd period - Stopped by Matt Murray with a rebound.
8:55 of 3rd period - Slapshot by Sean Monahan.
8:55 of 3rd period - Stopped by Matt Murray without a rebound.
8:56 of 3rd period - Jussi Jokinen wins face-off versus Jason Spezza in Stars zone.
9:17 of 3rd period - Minor Penalty to Jussi Jokinen for High sticking.
9:18 of 3rd period - Jason Spezza wins face-off versus John Tavares in Stars zone.
9:19 of 3rd period - Wrist shot by Mark Stone.
9:19 of 3rd period - Goal by Mark Stone - Stars : 1 - Capitals : 3.
9:20 of 3rd period - Jason Spezza wins face-off versus John Tavares in neutral zone.
9:23 of 3rd period - Slapshot by Victor Hedman.
9:23 of 3rd period - Stopped by Matt Murray with a rebound.
9:49 of 3rd period - Snap shot by Alex Chiasson.
9:49 of 3rd period - Shot Misses the Net.
9:57 of 3rd period - Alex Chiasson is hit by William Karlsson and loses puck.
10:48 of 3rd period - Slapshot by Tyler Wotherspoon.
10:48 of 3rd period - Shot Blocked by Trevor Daley.
10:58 of 3rd period - Guillaume Latendresse is hit by Jason Spezza and loses puck.
11:09 of 3rd period - Wrist shot by Ian White.
11:09 of 3rd period - Shot Blocked by Jared Spurgeon.
11:33 of 3rd period - Minor Penalty to Brad Richardson for Tripping.
11:34 of 3rd period - Guillaume Latendresse wins face-off versus Jason Spezza in Capitals zone.
11:35 of 3rd period - Snap shot by John Tavares.
11:35 of 3rd period - Stopped by Jonathan Bernier with a rebound.
11:43 of 3rd period - Wrist shot by Boris Valabik.
11:43 of 3rd period - Stopped by Jonathan Bernier without a rebound.
11:44 of 3rd period - Jason Spezza wins face-off versus John Tavares in Capitals zone.
11:53 of 3rd period - Alexei Marchenko is hit by John Tavares.
11:59 of 3rd period - Snap shot by Samuel Morin.
11:59 of 3rd period - Shot Misses the Net.
12:15 of 3rd period - Victor Hedman is hit by Alex Chiasson and loses puck.
12:40 of 3rd period - Samuel Morin is hit by John Tavares and loses puck.
13:33 of 3rd period - Penalty to Brad Richardson is over, Brad Richardson is back on ice.
13:45 of 3rd period - Snap shot by William Karlsson.
13:45 of 3rd period - Shot Hit the Post.
14:17 of 3rd period - Paul Ladue is hit by Dustin Brown and loses puck.
14:32 of 3rd period - Slapshot by Paul Ladue.
14:32 of 3rd period - Deflect By Mark Stone.
14:32 of 3rd period - Stopped by Jonathan Bernier without a rebound.
14:33 of 3rd period - Cam Atkinson wins face-off versus Sean Monahan in Capitals zone.
14:44 of 3rd period - Backhand shot by Sean Monahan.
14:44 of 3rd period - Shot Blocked by Ian White.
15:25 of 3rd period - Michael Grabner is hit by Mike Cammalleri and loses puck.
16:20 of 3rd period - Scott Kosmachuck is hit by William Karlsson.
16:58 of 3rd period - Slapshot by Paul Ladue.
16:58 of 3rd period - Deflect By PK Subban.
16:58 of 3rd period - Stopped by Jonathan Bernier with a rebound.
17:09 of 3rd period - Minor Penalty to Brad Richardson for Hooking.
17:10 of 3rd period - Jason Spezza wins face-off versus John Tavares in Capitals zone.
19:09 of 3rd period - Penalty to Brad Richardson is over, Brad Richardson is back on ice.
Goals for this period are 0 for Stars vs 1 for Capitals.
Shots for this period are 9 for Stars vs 11 for Capitals. Output by the SimonT Hockey Simulator (STHS) for Francois Prevost - Original Page W3C HTML5 Valid
Hockey Simulator - Hockey Simulation - Hockey Manager